 Dungeon Crawl Stone Soup version 0.31.0-7-gf635a9b802 (webtiles) character file.

Game seed: 12383623505594282565

116837 browni3141 the Grappler (level 16, -15/167 HPs)
             Began as a Troll Enchanter on Jan 23, 2024.
             Was the Champion of Trog.
             Demolished by a culicivora (17 damage)
             ... on level 1 of the Spider Nest.
             The game lasted 00:48:09 (22068 turns).

browni3141 the Grappler (Troll Enchanter)          Turns: 22068, Time: 00:48:09

Health: -15/167    AC: 16    Str: 26    XL:     16   Next: 21%
Magic:  16/16      EV: 12    Int: 11    God:    Trog [******]
Gold:   1187       SH:  0    Dex: 14    Spells: 17/17 levels left

rFire   . .          .
                       - Unarmed
rCold   . . .        v - +2 tower shield of Ru's Approval {Str+4 Stlth+}
rNeg    . . .        c - +0 acid dragon scales
rPois   +            o - +1 hat {Stlth+}
rElec   .            a - +0 cloak
rCorr   +            (gloves unavailable)
SInv    .            (boots unavailable)
Will    +....        d - amulet of the acrobat
Stlth   +++          K - +4 ring of protection
HPRegen 1.27/turn    Y - ring of poison resistance
MPRegen 0.15/turn

%: acrobat
@: confused, studying Throwing
A: large, unfitting armour, claws 3, regeneration 1, shaggy fur 1, tough skin 1
a: Renounce Religion, Berserk, Trog's Hand, Brothers in Arms


You were on level 1 of the Spider Nest.
You worshipped Trog.
Trog was exalted by your worship.
You visited 4 branches of the dungeon, and saw 23 of its levels.
You also visited: Bailey, Ice Cave and Volcano.

You collected 2467 gold pieces.
You spent 1280 gold pieces at shops.

Inventory:

Hand Weapons
 l - a +3 heavy quarterstaff
 s - a +2 trident of venom
 M - a +3 rapier of protection
 O - a +5 trident
Missiles
 j - 24 large rocks (quivered)
 z - 3 datura-tipped darts
 C - 5 atropa-tipped darts
 F - 46 poisoned darts
 J - 7 javelins
 T - 20 boomerangs
 Z - 3 throwing nets
Armour
 a - a +0 cloak (worn)
 c - +0 acid dragon scales (worn)
 h - a +1 robe of resistance
 o - a +1 hat of stealth (worn)
 v - the +2 tower shield of Ru's Approval (worn) {Str+4 Stlth+}
   (You found it in a bailey)

   Str+4:     It affects your strength (+4).
   Stlth+:    It makes you more stealthy.
 W - a scarf of shadows
Jewellery
 b - the ring "Onuroih" {Fire Dex+4}
   (You found it on level 15 of the Dungeon)

   [ring of fire]

   Fire:      It enhances your fire magic.
   Dex+4:     It affects your dexterity (+4).
   rF+:       It protects you from fire.
   rC-:       It makes you vulnerable to cold.
 d - an amulet of the acrobat (around neck)
 e - a +6 ring of dexterity
 q - a ring of protection from cold
 r - a ring of flight
 y - a ring of resist corrosion
 B - a ring of protection from cold
 K - a +4 ring of protection (left claw)
 Y - a ring of poison resistance (right claw)
Wands
 f - a wand of charming (6)
 i - a wand of mindburst (15)
 p - a wand of polymorph (3)
 A - a wand of acid (22)
 I - a wand of iceblast (11)
Scrolls
 g - a scroll of noise {unknown}
 k - a scroll of torment {unknown}
 n - 5 scrolls of fog {unknown}
 t - a scroll of silence {unknown}
 u - a scroll of vulnerability {unknown}
 w - 25 scrolls of identify {unknown}
 x - 2 scrolls of immolation {unknown}
 D - 2 scrolls of enchant armour {unknown}
 G - a scroll of brand weapon {unknown}
 H - 11 scrolls of teleportation {unknown}
 N - 2 scrolls of amnesia {unknown}
 P - 10 scrolls of blinking {unknown}
 Q - 2 scrolls of enchant weapon {unknown}
 R - 5 scrolls of fear {unknown}
 U - 2 scrolls of acquirement {unknown}
 X - 7 scrolls of revelation {unknown}
Potions
 L - a potion of curing {unknown}
 S - a potion of ambrosia {unknown}
 V - a potion of heal wounds {unknown}
Miscellaneous
 m - a phantom mirror
 E - a phial of floods


   Skills:
 - Level 12.8 Fighting
 - Level 0.7 Short Blades
 + Level 7.8 Throwing
 + Level 6.5 Armour
 + Level 10.8 Dodging
 - Level 1.5 Stealth
 - Level 12.8 Shields
 - Level 12.8 Unarmed Combat
 - Level 1.2 Spellcasting
 - Level 2.0 Hexes
 + Level 5.5 Evocations


You had 17 spell levels left.
You didn't know any spells.
Your spell library contained the following spells:

 Spells                   Type           Power      Damage    Failure   Level
 Jinxbite                 Hex            10%        N/A       56%         2
 Apportation              Tloc           0%         N/A       71%         1
 Necrotise                Necr           0%         1d4       71%         1
 Ensorcelled Hibernation  Hex/Ice        4%         N/A       71%         2
 Confusing Touch          Hex            5%         N/A       80%         3
 Tukima's Dance           Hex            5%         N/A       80%         3
 Mercury Vapours          Alch/Air       0%         N/A       83%         2
 Dazzling Flash           Conj/Hex       4%         N/A       90%         3
 Mephitic Cloud           Conj/Alch/Air  0%         N/A       97%         3
 Alistair's Intoxication  Alch           0%         N/A       100%        5
 Freezing Cloud           Conj/Ice/Air   0%         6-21      100%        5


Dungeon Overview and Level Annotations

Branches:
Dungeon (15/15)            Temple (0/1) D:7            Lair (5/5) D:11
  Swamp (0/4) Lair:3       Spider (1/4) Lair:2        Slime (0/5) Lair:5
    Orc (2/2) D:12            Elf (0/3) Orc:2        Vaults (0/5) D:14
 Depths (0/4) D:15         Bailey (visited)           IceCv (visited)
Volcano (visited)

Altars:
Ashenzari
Cheibriados
Elyvilon
Fedhas
Hepliaklqana
Kikubaaqudgha
Nemelex Xobeh
Okawaru
Ru
Sif Muna
Trog
Uskayaw
Vehumet
Wu Jian
Xom
Yredelemnul

Shops:
D:5 *   D:15 :   Orc:2 (?::[[!:

Annotations:
D:7 3 runed translucent doors, Maggie
Orc:1 3 runed translucent doors, Ononaeto's ghost, journeyman HOFi


Innate Abilities, Weirdness & Mutations

You are too large for most types of armour.
You have claws for hands.
Your natural rate of healing is unusually fast.
You are covered in fur. (AC +1)
You have tough skin. (AC +1)


Message History

Unknown command.
You barely miss the tarantella. The tarantella touches you.
The culicivora bites you.
The culicivora draws strength from your injuries!
The tarantella closely misses you.
The culicivora bites you but does no damage.
The tarantella attacks as it pursues you!
The tarantella misses you.
The culicivora attacks as it pursues you!
The culicivora completely misses you. The tarantella closely misses you.
The tarantella completely misses you. The culicivora misses you.
You barely miss the tarantella.
The culicivora bites you but does no damage.
The tarantella touches you.
You are afflicted by dizzying energies!
You are more confused.
You bump into the rock wall.
The culicivora barely misses you. The tarantella touches you!
You are afflicted by dizzying energies!
You are more confused.
The tarantella misses you. The culicivora completely misses you.
You closely miss the culicivora. The tarantella touches you!
The culicivora bites you!!
The culicivora draws strength from your injuries!
You miss the tarantella. The tarantella closely misses you.
The culicivora bites you!
The culicivora draws strength from your injuries!
The tarantella touches you but does no damage.
You bump into the rock wall.
The culicivora closely misses you. The tarantella barely misses you.
The culicivora misses you.
You mangle the tarantella!!
The tarantella is almost dead.
The tarantella closely misses you. The culicivora bites you!
* * * LOW HITPOINT WARNING * * *
The culicivora draws strength from your injuries!
You bump into the rock wall.
The tarantella barely misses you.
The culicivora bites you but does no damage.
The tarantella touches you!
* * * LOW HITPOINT WARNING * * *
The culicivora bites you.
* * * LOW HITPOINT WARNING * * *
The culicivora draws strength from your injuries!
You're too confused to move!
The tarantella touches you!
* * * LOW HITPOINT WARNING * * *
You are afflicted by dizzying energies!
You are more confused.
The culicivora bites you!
* * * LOW HITPOINT WARNING * * *
The culicivora draws strength from your injuries!
You're too confused to move!
The tarantella barely misses you. The culicivora bites you.
* * * LOW HITPOINT WARNING * * *
The culicivora draws strength from your injuries!
The tarantella touches you.
* * * LOW HITPOINT WARNING * * *
The culicivora bites you.
* * * LOW HITPOINT WARNING * * *
The culicivora draws strength from your injuries!
You closely miss the tarantella.
The tarantella is almost dead.
The tarantella barely misses you. The culicivora bites you!
* * * LOW HITPOINT WARNING * * *
The culicivora draws strength from your injuries!
You mangle the tarantella!!
You kill the tarantella!
Trog accepts your kill. The culicivora bites you!
* * * LOW HITPOINT WARNING * * *
The culicivora draws strength from your injuries!
You're too confused to move!
The culicivora barely misses you. x2
Unknown command.
You miss the culicivora. The culicivora bites you.
* * * LOW HITPOINT WARNING * * *
The culicivora draws strength from your injuries!
You mangle the culicivora!!
The culicivora is severely wounded.
The culicivora bites you.
* * * LOW HITPOINT WARNING * * *
The culicivora draws strength from your injuries!
The culicivora barely misses you.
You're too confused to move!
The culicivora bites you.
* * * LOW HITPOINT WARNING * * *
The culicivora draws strength from your injuries!
The culicivora completely misses you. The culicivora misses you.
You bump into the rock wall.
The culicivora bites you.
* * * LOW HITPOINT WARNING * * *
The culicivora draws strength from your injuries!
You claw the culicivora!
The culicivora is almost dead.
The culicivora barely misses you.
The culicivora bites you but does no damage.
You bump into the rock wall.
The culicivora bites you.
* * * LOW HITPOINT WARNING * * *
The culicivora draws strength from your injuries!
You're too confused to move!
The culicivora bites you!
* * * LOW HITPOINT WARNING * * *
The culicivora draws strength from your injuries!
The culicivora closely misses you.
You miss the culicivora.
The culicivora is almost dead.
The culicivora bites you!
You die...

.................
.................
.................
.........#.......
........#.......
#...<†.......
##...........
#..s†##......
##@.## ......
#### ..... .....
.#.. .##.


You could see a culicivora.

Vanquished Creatures
  Gastronok (D:10)
  Frances (D:13)
  An orc warlord (Orc:2)
  Nessos (Lair:4)
  A dire elephant (Lair:5)
  Snorg (Lair:5)
  A rakshasa (D:15)
  Erica (D:11)
  A catoblepas (Lair:5)
  5 hydras
  2 ogre magi (Orc:2)
  A sphinx skeleton (D:15)
  12 two-headed ogres
  A boulder beetle (Lair:3)
  23 death yaks
  6 orc high priests
  A deep troll shaman (Lair:5)
  4 centaur warriors
  A tengu warrior (D:14)
  Urug (D:14)
  An occultist (D:15)
  Nergalle (Orc:1)
  2 skysharks (Lair:5)
  2 skeletal warriors (Volcano)
  A pharaoh ant (Lair:2)
  Pikel (D:4)
  3 lindwurms
  A necromancer (D:15)
  An anaconda skeleton (Volcano)
  3 orc knights
  A deep elf zephyrmancer (D:15)
  A deep elf pyromancer (D:14)
  8 ugly things
  2 oklob plants
  An orc sorcerer (D:15)
  4 kobold blastminers
  An ice statue (IceCv)
  4 cyclopes
  4 elephants (Lair:5)
  An alligator skeleton (Volcano)
  An eye of devastation (Lair:5)
  7 black mambas
  A molten gargoyle (Lair:3)
  3 gargoyles (Volcano)
  Jeremiah (D:7)
  Joseph (D:9)
  A torpor snail (Lair:4)
  A centaur skeleton (D:15)
  13 cane toads
  7 rime drakes
  7 komodo dragons
  An unseen horror (D:10)
  2 efreet
  2 tengu conjurers
  15 polar bears
  8 trolls
  A harpy skeleton (Volcano)
  2 hornets (D:9)
  2 tarantellas
  13 blink frogs
  3 dream sheep (Lair:4)
  A glass eye (Lair:5)
  5 slime creatures (D:14)
  9 wyverns
  A culicivora (Lair:2)
  4 basilisks
  A shadow (D:13)
  7 wraiths
  75 yaks
  A water elemental (D:15)
  16 humans (D:14)
  A redback (Spider:1)
  2 steam dragons (D:9)
  8 vampire mosquitoes
  10 wargs
  19 water moccasins
  5 acid dragons
  A hornet zombie (D:15)
  25 orc warriors
  An ice beast (D:6)
  5 black bears
  A meliai simulacrum (D:15)
  8 laughing skulls
  A sky beast (D:7)
  A tengu (shapeshifter) (D:13)
  12 ogres
  30 wolves
  8 centaurs
  A lemure (D:4)
  6 kobold brigands
  2 weeping skulls
  10 bullfrogs
  7 scorpions
  3 wights
  11 killer bees
  A spriggan skeleton (Volcano)
  A troll skeleton (Volcano)
  4 howler monkeys
  3 jellies
  31 orc priests
  2 gnoll boudas
  5 hounds
  Terence (D:3)
  An iguana (D:5)
  27 orc wizards
  A sleepcap (D:6)
  14 hell rats
  13 gnolls
  9 river rats (Lair:1)
  4 adders
  2 white imps (D:6)
  3 dart slugs
  2 ribbon worms
  139 orcs
  7 endoplasms
  8 giant cockroaches
  5 goblins
  8 hobgoblins
  4 jackals
  28 kobolds
  10 quokkas
  5 ball pythons
  5 bats
  3 frilled lizards
  18 rats
  A spectral orc (D:6)
864 creatures vanquished.

Vanquished Creatures (collateral kills)
  A frost giant (IceCv)
  A death yak (Lair:2)
  An orc knight (Bailey)
  An orc warrior (Bailey)
4 creatures vanquished.

Vanquished Creatures (others)
  A sky beast (D:7)
  A hell rat (Lair:5)
  An orc (D:9)
3 creatures vanquished.

Grand Total: 871 creatures vanquished

Notes
Turn   | Place    | Note
-------+----------+-------------------------------------------
     0 | D:1      | browni3141 the Troll Enchanter began the quest for the Orb.
     0 | D:1      | Reached XP level 1. HP: 16/16 MP: 1/1
    90 | D:1      | Reached XP level 2. HP: 24/26 MP: 2/2
   493 | D:1      | Reached XP level 3. HP: 33/33 MP: 3/3
   862 | D:2      | Found the +7 mace of Variability {chaos, chaos arc}
  1343 | D:3      | Reached XP level 4. HP: 41/41 MP: 4/4
  1436 | D:3      | Noticed Terence
  1441 | D:3      | Killed Terence
  1524 | D:3      | Reached skill level 3 in Unarmed Combat
  1533 | D:3      | Reached XP level 5. HP: 14/48 MP: 5/5
  1831 | D:3      | Found a sparkling altar of Nemelex Xobeh.
  1853 | D:3      | Found a radiant altar of Vehumet.
  1862 | D:3      | Found an ancient bone altar of Kikubaaqudgha.
  1863 | D:3      | Found a shimmering blue altar of Sif Muna.
  1869 | D:3      | Got Kikubaaqudgha's Almanac of the Silversmith
  2004 | D:4      | Found a hazy altar of Hepliaklqana.
  2042 | D:4      | Reached XP level 6. HP: 57/57 MP: 6/6
  2068 | D:4      | Reached skill level 3 in Throwing
  2210 | D:4      | Found an ornate altar of the Wu Jian Council.
  2243 | D:4      | Noticed Pikel
  2260 | D:4      | Killed Pikel
  2261 | D:4      | Reached skill level 3 in Fighting
  2261 | D:4      | Reached XP level 7. HP: 53/67 MP: 7/7
  2427 | D:4      | Reached XP level 8. HP: 70/75 MP: 8/8
  2434 | D:4      | Reached skill level 6 in Unarmed Combat
  2860 | D:5      | Entered Level 5 of the Dungeon
  2950 | D:5      | Found a bloodstained altar of Trog.
  3266 | D:5      | Found a broken altar of Ashenzari.
  3436 | D:5      | Found Bonwuqi's Elemental Accessories.
  3729 | D:5      | Found a hide-covered altar of Uskayaw.
  3818 | D:5      | Became a worshipper of Trog the Wrathful
  4023 | D:6      | Found a basalt altar of Yredelemnul.
  4031 | D:6      | Reached XP level 9. HP: 77/79 MP: 9/9
  4464 | D:6      | Identified the +7 short sword "Macamp" {heavy, Int+4 Dex+2}
  4632 | D:7      | Found a white marble altar of Elyvilon.
  4638 | D:7      | Noticed Jeremiah
  4670 | D:7      | Noticed a troll
  4688 | D:7      | Killed Jeremiah
  4689 | D:7      | Reached skill level 9 in Unarmed Combat
  4830 | D:7      | Found a runed translucent gate.
  4830 | D:7      | Found a runed translucent gate.
  4830 | D:7      | Found a runed translucent gate.
  4830 | D:7      | Noticed a polar bear
  4831 | D:7      | Noticed a polar bear
  4831 | D:7      | Noticed Maggie
  4849 | D:7      | Reached * piety under Trog
  4850 | D:7      | Reached skill level 3 in Dodging
  4877 | D:7      | Found a staircase to the Ecumenical Temple.
  4957 | D:7      | Found a flagged portal.
  4965 | Bailey   | Entered a bailey
  5104 | Bailey   | Reached ** piety under Trog
  5263 | Bailey   | Noticed an orc knight
  5263 | Bailey   | Noticed an orc knight
  5276 | Bailey   | Killed an orc knight
  5277 | Bailey   | Reached XP level 10. HP: 39/98 MP: 10/10
  5361 | Bailey   | Killed an orc knight
  5470 | Bailey   | Identified the +2 tower shield of Ru's Approval {Str+4
                  | Stlth+}
  5593 | D:7      | Reached skill level 6 in Fighting
  5874 | D:7      | Found a blossoming altar of Fedhas.
  5930 | D:7      | Identified the +8 short sword "browni3141's Death" {holy,
                  | ^Fragile rElec Will++ Str+3}
  6559 | D:8      | Reached *** piety under Trog
  6760 | D:9      | Noticed Joseph
  6778 | D:9      | Killed Joseph
  6779 | D:9      | Reached skill level 3 in Shields
  7014 | D:9      | Found a sacrificial altar of Ru.
  7231 | D:9      | Found an iron altar of Okawaru.
  7323 | D:9      | Paralysed by a hornet for 1 turns
  7328 | D:9      | Paralysed by a hornet for 1 turns
  7330 | D:9      | Reached XP level 11. HP: 82/107 MP: 11/11
  7389 | D:9      | Noticed a two-headed ogre
  7399 | D:9      | Killed a two-headed ogre
  7559 | D:9      | Reached **** piety under Trog
  7765 | D:10     | Entered Level 10 of the Dungeon
  7959 | D:10     | Reached skill level 12 in Unarmed Combat
  8040 | D:10     | Noticed Gastronok
  8051 | D:10     | Killed Gastronok
  8119 | D:10     | Reached skill level 6 in Shields
  8186 | D:10     | Identified the +6 quarterstaff "Muofouso" {antimagic, Str+2
                  | Dex+4}
  8677 | D:11     | Noticed an orc knight
  8731 | D:11     | Noticed a two-headed ogre
  8741 | D:11     | Killed a two-headed ogre
  8864 | D:11     | Noticed Erica
  9129 | D:11     | Killed Erica
  9204 | D:11     | Found a staircase to the Lair.
  9259 | D:11     | Killed an orc knight
  9260 | D:11     | Reached XP level 12. HP: 99/118 MP: 12/12
  9629 | D:12     | Reached skill level 3 in Evocations
  9879 | D:12     | Found a staircase to the Orcish Mines.
  9969 | D:12     | Reached ***** piety under Trog
 10125 | D:12     | Noticed a two-headed ogre
 10132 | D:12     | Killed a two-headed ogre
 10370 | Lair:1   | Entered Level 1 of the Lair of Beasts
 10451 | Lair:1   | Received a gift from Trog
 10451 | Lair:1   | Found the +7 lajatang of Order {silver, rMut}
 10801 | Lair:2   | Noticed a death yak
 10801 | Lair:2   | Noticed a death yak
 10803 | Lair:2   | Noticed a death yak
 10814 | Lair:2   | Killed a death yak
 10818 | Lair:2   | Killed a death yak
 10819 | Lair:2   | Reached skill level 9 in Shields
 10823 | Lair:2   | Killed a death yak
 10941 | Lair:2   | Noticed a death yak
 10941 | Lair:2   | Noticed a death yak
 10943 | Lair:2   | Noticed a death yak
 10944 | Lair:2   | Noticed a death yak
 10955 | Lair:2   | Killed a death yak
 10958 | Lair:2   | Noticed a death yak
 10964 | Lair:2   | Killed a death yak
 10970 | Lair:2   | Killed a death yak
 10979 | Lair:2   | Killed a death yak
 10989 | Lair:2   | Killed a death yak
 10990 | Lair:2   | Reached skill level 9 in Fighting
 11318 | Lair:2   | Found a dark tunnel.
 11353 | Volcano  | Entered a volcano
 11574 | Volcano  | Reached XP level 13. HP: 131/131 MP: 13/13
 12223 | Lair:2   | Found a hole to the Spider Nest.
 12642 | Lair:3   | Received a gift from Trog
 13029 | Lair:3   | Reached skill level 12 in Shields
 13181 | Lair:3   | Found a staircase to the Swamp.
 13460 | Lair:4   | Noticed Sonja
 13507 | Lair:4   | Sonja changed into Sonja the acid dragon
 13507 | Lair:4   | Noticed Sonja
 13509 | Lair:4   | Killed Sonja the acid dragon
 13639 | Lair:4   | Noticed Nessos
 13653 | Lair:4   | Killed Nessos
 13776 | Lair:4   | Reached XP level 14. HP: 104/144 MP: 14/14
 14390 | Lair:5   | Entered Level 5 of the Lair of Beasts
 14463 | Lair:5   | Reached skill level 6 in Dodging
 14506 | Lair:5   | Reached skill level 3 in Armour
 14731 | Lair:5   | Received a gift from Trog
 14938 | Lair:5   | Noticed Snorg
 14946 | Lair:5   | Killed Snorg
 15218 | Lair:5   | Found a staircase to the Slime Pits.
 15688 | Lair:5   | Identified the +6 chain mail of Duck's Teeth {Int+6 Slay-2
                  | Stlth+}
 16694 | Orc:1    | Entered Level 1 of the Orcish Mines
 16786 | Orc:1    | Noticed Nergalle
 16799 | Orc:1    | Killed Nergalle
 16902 | Orc:1    | You fall into a shaft and drop 1 floor!
 16902 | Orc:2    | Entered Level 2 of the Orcish Mines
 16902 | Orc:2    | Found a frozen archway.
 16902 | Orc:2    | Found Vupom's Antique Weapon Emporium.
 16916 | Orc:2    | Reached skill level 12 in Fighting
 16957 | IceCv    | Entered an ice cave
 17003 | IceCv    | Reached XP level 15. HP: 155/156 MP: 15/15
 17021 | IceCv    | Received a gift from Trog
 17269 | IceCv    | Noticed a frost giant
 17319 | IceCv    | Killed a frost giant
 17471 | IceCv    | Reached ****** piety under Trog
 17693 | Orc:2    | Reached skill level 9 in Dodging
 17827 | Orc:1    | Found a runed translucent gate.
 17827 | Orc:1    | Found a runed translucent gate.
 17827 | Orc:1    | Found a runed translucent gate.
 17831 | Orc:1    | Noticed Ononaeto's ghost (journeyman HOFi)
 17847 | Orc:1    | Found an iron altar of Okawaru.
 18224 | Orc:2    | Found Koixteme's Armour Boutique.
 18427 | Orc:2    | Found Zuovur's Armour Emporium.
 18445 | Orc:2    | Found Bolinuto's Magic Scroll Shoppe.
 18499 | Orc:2    | Received a gift from Trog
 18749 | Orc:2    | Found a staircase to the Elven Halls.
 19022 | Orc:2    | Found Jaadaw's Book Shoppe.
 19067 | Orc:2    | Found Cuneop's Book Shoppe.
 19174 | Orc:2    | Received a gift from Trog
 19509 | Orc:2    | Found Ysyty's Distillery.
 19510 | Orc:2    | Found Hiuko's Book Emporium.
 19687 | Orc:2    | Bought a manual of Throwing for 1280 gold pieces
 19745 | D:13     | Noticed Frances
 19760 | D:13     | Killed Frances
 20017 | D:13     | Found a shimmering altar of Xom.
 20018 | D:13     | Found a shimmering altar of Xom.
 20020 | D:13     | Found a shimmering altar of Xom.
 20107 | D:13     | Found a shimmering altar of Xom.
 20159 | D:13     | Reached skill level 6 in Throwing
 20630 | D:14     | Found a gate to the Vaults.
 20636 | D:14     | Noticed Urug
 20660 | D:14     | Killed Urug
 20779 | D:14     | Reached skill level 6 in Armour
 20912 | D:14     | Reached XP level 16. HP: 144/167 MP: 16/16
 21112 | D:15     | Entered Level 15 of the Dungeon
 21280 | D:15     | Found a snail-covered altar of Cheibriados.
 21401 | D:15     | Identified the ring "Onuroih" {Fire Dex+4}
 21542 | D:15     | Found Izuif's Book Emporium.
 21744 | D:15     | Received a gift from Trog
 21856 | D:15     | Found a staircase to the Depths.
 22009 | Spider:1 | Entered Level 1 of the Spider Nest
 22066 | Spider:1 | HP: 8/167 [culicivora (3)]
 22067 | Spider:1 | HP: 1/167 [culicivora (9)]
 22068 | Spider:1 | Demolished by a culicivora

Illustrated notes

Levels and vault maps discovered:
D:1:      dpeg_arrival_tiny_b, layout_loops_corners
D:2:      layout_rooms, grunt_ministairs_6
D:3:      layout_basic, grunt_temple_overflow_magic_moments,
          nemelex_spade_bored_becter, uniq_terence
D:4:      layout_basic, kennysheep_mini_moat,
          nicolae_wu_jian_immortal_techniques, grunt_decor_resistance,
          uniq_pikel
D:5:      layout_basic, general_overflow_altar,
          mainiacjoe_overflow_tiny_flanked, mainiacjoe_overflow_six_doors_small,
          nicolae_elemental_shop, chequers_garden, kb_lookout_dungeons_type
D:6:      layout_gridville, yredelemnul_forgotten_temple_becter
D:7:      lemuel_bear_cage, layout_loops_ring, elyvilon_altar_1,
          mainiacjoe_overflow_catwalk, minmay_temple_entry_ruins,
          enter_bailey_3, st_stairs_14, uniq_jeremiah, uniq_maggie
D:8:      layout_loops_ring, grunt_decor_cap
D:9:      layout_loops_ring, mainiacjoe_overflow_paths,
          mainiacjoe_overflow_chevrons, grunt_ministairs_9, uniq_joseph
D:10:     layout_loops_cross, uniq_gastronok
D:11:     layout_long_grid, minmay_lair_entry_grove, uniq_erica
D:12:     layout_cave_pools, hiddenorc1_lemuel, serial_column_ruins,
          column_ruins_open_tiny, column_ruins_open_medium,
          column_ruins_columns_dead_end, column_ruins_open_tiny,
          column_ruins_corridor_straight, hellmonk_guarded_unrand_dark_maul
D:13:     layout_roguey, xom_redecorated, uniq_frances
D:14:     layout_rooms, david_vaults_3, hangedman_abyss_or_decor_slice
D:15:     grunt_enter_depths_magical_seal, layout_small_grid, serial_shops,
          shop, cheibriados_altar_1, minivault_14
Lair:1:   lemuel_ratsnest, layout_gridlike, small_statue_intersection,
          grunt_megastairs_3
Lair:2:   layout_regular_city, spider_nest_entry_web_field,
          nicolae_volcano_entry_vermiform, grunt_megastairs_1,
          serial_bayou_shore_b
Lair:3:   layout_gridlike, swamp_mist_pool, dreamdust_mushroom_princess
Lair:4:   layout_roguey, chequers_serial_rivers_small_3, uniq_nessos, uniq_sonja
Lair:5:   grunt_lair_end_beastmaster, layout_regular_city,
          minmay_slime_entry_eyes, uniq_snorg
Spider:1: layout_spider_delve, worms_lemuel
Orc:1:    layout_caves, basic_altar, gammafunk_ghost_fury_of_okawaru,
          kennysheep_orc_chapel, uniq_nergalle
Orc:2:    st_orc_town, layout_caves, serial_shops, shop, shop, shop,
          nicolae_shop_rolling_square, shop, portal_ice_cave_entry_pillars_2,
          nicolae_orc_stalacmites, nicolae_orc_tapped_out

Skill      XL: |  1  2  3  4  5  6  7  8  9 10 11 12 13 14 15 16 |
---------------+-------------------------------------------------+-----
Unarmed Combat | 1 2 3 5 8 10 11 12 | 12.8
Fighting       | 1 2 3 4 5 6 7 9 10 12 | 12.8
Throwing       | 1 2 4 5 6 7 |  7.8
Dodging        | 4 5 8 10 | 10.8
Shields        | 4 7 10 12 | 12.8
Evocations     | 2 4 5 |  5.5
Armour         | 1 5 6 |  6.5
Short Blades   | |  0.7
Stealth        | |  1.5
Spellcasting   | |  1.2
Hexes          | |  2.0

Action                     |  1- 3 |  4- 6 |  7- 9 | 10-12 | 13-15 | 16-18 || total
---------------------------+-------+-------+-------+-------+-------+-------++-------
  Melee: Unarmed           |    82 |    44 |   328 |   769 |  1640 |   168 ||  3031
         Great mace        |    15 |    54 |       |       |       |       ||    69
         Punch             |     1 |     1 |    16 |    20 |       |       ||    38
  Throw: Dart              |       |     1 |       |    56 |     7 |       ||    64
         Large rock        |       |       |       |       |    56 |    15 ||    71
 Invoke: Berserk           |       |       |       |    10 |     4 |     1 ||    15
         Trog's Hand       |       |       |       |       |     1 |       ||     1
  Evoke: Wand              |       |       |     4 |     1 |     3 |       ||     8
         Phantom mirror    |       |       |       |     1 |     1 |       ||     2
         Phial of floods   |       |       |       |       |     1 |       ||     1
   Stab: Sleeping          |     7 |     3 |     4 |     6 |    18 |       ||    38
         Distracted        |       |       |       |     2 |     2 |       ||     4
 Armour: Robe              |    82 |    67 |   262 |   359 |    78 |       ||   848
         Acid dragon scale |       |       |       |       |   492 |    88 ||   580
  Dodge: Dodged            |    57 |    80 |   190 |   221 |   383 |    70 ||  1001
  Block: Tower shield      |       |       |       |   403 |  1716 |   179 ||  2298
